 Dungeon Crawl Stone Soup version 0.18-a0-1718-g40ea4b6 (webtiles) character file.

411 incide the Chopper (level 6, 0/45 HPs)
             Began as a Demonspawn Gladiator on Apr 8, 2016.
             Killed from afar by Dowan (4 damage)
             ... with a stone arrow
             ... on level 4 of the Dungeon.
             The game lasted 00:06:08 (2488 turns).

incide the Chopper (Demonspawn Gladiator)           Turns: 2488, Time: 00:06:09

Health: 0/45       AC: 10    Str: 18    XL:     6   Next: 58%
Magic:  6/6        EV:  8    Int:  9    God:
Gold:   100        SH:  0    Dex: 13    Spells: 0 memorised, 5 levels left

rFire  . . .     SeeInvis .     a - +0 war axe
rCold  . . .     Gourm    .     b - +0 chain mail
rNeg   . . .     Faith    .     (no shield)
rPois  .         Spirit   .     (helmet restricted)
rElec  .         Dismiss  .     l - +0 cloak
rCorr  .         Reflect  .     (no gloves)
SustAt .         Harm     .     (no boots)
MR     .....                    (no amulet)
Stlth  ..........               (no ring)
                                (no ring)

@: slowed, very slow, not resistant to hostile enchantments, extremely
unstealthy
A: horns 1, rugged brown scales 1
a: no special abilities


You were on level 4 of the Dungeon.
You were very hungry.

You visited 1 branch of the dungeon, and saw 4 of its levels.

You collected 100 gold pieces.

Inventory:

Hand Weapons
 a - a +0 war axe (weapon)
Armour
 b - a +0 chain mail (worn)
 l - a +0 cloak (worn)
 n - a +1 leather armour
Scrolls
 j - a scroll of magic mapping
 k - a scroll of amnesia
Potions
 e - 2 potions of degeneration
Comestibles
 f - 3 bread rations
 g - 4 meat rations


   Skills:
 - Level 2.0 Fighting
 + Level 6.8 Axes
 - Level 1.7 Throwing
 - Level 2.6 Dodging


You had 5 spell levels left.
You didn't know any spells.

Dungeon Overview and Level Annotations

Branches:
Dungeon (4/15)
 Temple: D:4-7

Altars:
Ashenzari
Fedhas
Kikubaaqudgha
Vehumet
Xom

Annotations:
D:4 Dowan, Eustachio


Innate Abilities, Weirdness & Mutations

You have a pair of small horns on your head.
You are partially covered in rugged brown scales (AC +1, +3% HP).


Message History

Dowan is severely wounded.
Dowan gestures wildly while chanting.
Dowan blinks!
The worm barely misses you.
You see here a throwing net.
d - a throwing net Dowan is no longer unusually agile.
The worm bites you but does no damage.
Dowan says, "How can I live without her?"
Throwing (i - inventory):
d - a throwing net (quivered)
Press: ? - help, Shift-Dir - straight line, f/p - Dowan
Aim: Dowan, wielding a dagger, wearing a robe and carrying a wand of slowing {zapped: 4} (severely wounded, fast)
Okay, then.
Throwing (i - inventory):
d - a throwing net (quivered)
Press: ? - help, Shift-Dir - straight line, p - Dowan You throw a throwing net.
The throwing net hits Dowan.
Dowan is caught in the net!
Dowan is severely wounded.
Dowan casts a spell at you. The stone arrow hits you!
You die...

##############
#............#
##.#########(#
#)#.e.....#.#
#...w..%..#.#
###@##....#.#
#.# ..#.# #(#
#.# #.# #.#
#.# #.# #.#
#.# #.# #.#
#.# #.#
#........


You could see Dowan (caught) and a worm.

Vanquished Creatures
  Duvessa (D:4)
  A crimson imp (D:3)
  A hound (D:4)
  Ijyb (D:2)
  A worker ant (D:4)
  5 adders
  4 gnolls (D:2)
  2 oozes (D:2)
  An adder skeleton (D:4)
  A worm (D:2)
  4 dart slugs
  3 giant geckos
  5 orcs
  9 giant cockroaches
  6 goblins
  6 hobgoblins
  3 jackals (D:3)
  A ball python (D:2)
  9 bats
  5 giant newts
  5 kobolds
  5 rats
79 creatures vanquished.

Notes
Turn   | Place    | Note
--------------------------------------------------------------
     0 | D:1      | incide the Demonspawn Gladiator began the quest for the Orb.
     0 | D:1      | Reached XP level 1. HP: 16/16 MP: 1/1
   221 | D:1      | Reached skill level 3 in Axes
   303 | D:1      | Gained mutation: You are partially covered in rugged brown scales (AC +1, +3% HP). [demonic ancestry]
   303 | D:1      | Reached XP level 2. HP: 10/22 MP: 2/2
   695 | D:2      | Reached XP level 3. HP: 19/27 MP: 3/3
   706 | D:2      | Found a blossoming altar of Fedhas.
   706 | D:2      | Found an ancient bone altar of Kikubaaqudgha.
   707 | D:2      | Found a radiant altar of Vehumet.
   725 | D:2      | Found a shimmering altar of Xom.
   725 | D:2      | Found a shattered altar of Ashenzari.
   747 | D:2      | Reached skill level 4 in Axes
  1047 | D:2      | Noticed Ijyb
  1094 | D:2      | Killed Ijyb
  1094 | D:2      | Gained mutation: You have a pair of small horns on your head. [demonic ancestry]
  1094 | D:2      | Reached XP level 4. HP: 19/33 MP: 4/4
  1297 | D:2      | Reached skill level 5 in Axes
  1317 | D:2      | Reached XP level 5. HP: 32/39 MP: 5/5
  1833 | D:3      | Reached skill level 6 in Axes
  2056 | D:4      | Reached XP level 6. HP: 14/45 MP: 6/6
  2370 | D:4      | Noticed Eustachio
  2449 | D:4      | Noticed Duvessa
  2449 | D:4      | Noticed Dowan
  2474 | D:4      | Killed Duvessa
  2478 | D:4      | HP: 2/45 [Dowan/stone arrow (11)]
  2488 | D:4      | Killed from afar by Dowan

Vault maps used:
D:1:      kilobyte_arrival_exit_the_forest
D:2:      grunt_temple_overflow_open, uniq_iyjb
D:4:      elyvilon_altar_5, first_bread, corexii_leaking_fountain, uniq_duvessa,
          uniq_menkaure, uniq_eustachio

Skill      XL: |  1  2  3  4  5 |
---------------+----------------+-----
Axes           | 3 4 5 6 |  6.8
Fighting       | |  2.0
Throwing       | |  1.7
Dodging        | |  2.6

Action                   |  1- 3 |  4- 6 || total
-------------------------+-------+-------++-------
Melee: War axe           |   120 |   143 ||   263
Throw: Throwing net      |       |     4 ||     4
  Use: Potion            |     5 |     2 ||     7
       Scroll            |       |     4 ||     4
 Stab: Sleeping          |       |     1 ||     1
  Eat: Chunk             |       |     3 ||     3
       Pizza             |       |     1 ||     1
